 Dungeon Crawl Stone Soup version 0.31.0-11-ge490571c62 (webtiles) character file.

Game seed: 9566935354625072444

116 Minsecho the Ducker (level 4, -4/23 HPs)
             Began as a Spriggan Monk on Jan 29, 2024.
             Slain by a phantom (6 damage)
             ... on level 4 of the Dungeon.
             The game lasted 00:04:21 (2718 turns).

Minsecho the Ducker (Spriggan Monk)                 Turns: 2718, Time: 00:04:22

Health: -4/23      AC:  2    Str:  9    XL:     4   Next: 70%
Magic:  5/5        EV: 20    Int: 11    God:
Gold:   116        SH:  0    Dex: 17    Spells: 1/3 levels left

rFire   . .          .
                       - Unarmed
rCold   . . .        c - orb {light}
rNeg    . . .        a - +0 robe
rPois   .            (helmet restricted)
rElec   .            (no cloak)
rCorr   .            (gloves unavailable)
SInv    +            (boots unavailable)
Will    .....        (no amulet)
Stlth   +            (no ring)
HPRegen 0.23/turn    (no ring)
MPRegen 0.09/turn

%: no passive effects
@: lethally poisoned (-4 -> -5), glowing, very quick
A: very small, no large weapons, unfitting armour, see invisible, speed 3
a: no special abilities


You were on level 4 of the Dungeon.
You visited 1 branch of the dungeon, and saw 4 of its levels.

You collected 116 gold pieces.

Inventory:

Missiles
 i - 2 boomerangs (quivered)
 k - a throwing net
Armour
 a - a +0 robe (worn)
 c - an orb of light (worn)
Scrolls
 b - 2 scrolls of enchant armour {unknown}
 h - 2 scrolls of teleportation {unknown}
 m - a scroll of brand weapon
 n - a scroll of amnesia {unknown}
 p - 2 scrolls of poison {unknown}
Potions
 d - 2 potions of haste
 e - a potion of enlightenment
 f - 2 potions of heal wounds
 g - 2 potions of brilliance
 j - a potion of cancellation
 l - a potion of attraction
 o - a potion of berserk rage
 q - a potion of degeneration


   Skills:
 + Level 2.6 Fighting
 + Level 0.3 Throwing
 * Level 5.4 Dodging
 * Level 2.4 Stealth
 + Level 3.3 Unarmed Combat


You had one spell level left.
You knew the following spells:

 Your Spells              Type           Power      Damage    Failure   Level
b - Blink                 Tloc           0%         N/A       47%         2

Your spell library contained the following spells:

 Spells                   Type           Power      Damage    Failure   Level
 Lesser Beckoning         Tloc           0%         N/A       47%         2
 Momentum Strike          Conj/Tloc      0%         3d8       47%         2


Dungeon Overview and Level Annotations

Branches:
Dungeon (4/15)
 Temple: D:4-7

Altars:
Qazlal

Shops:
D:2 :

Annotations:
D:3 3 runed translucent doors, uncleiroh's ghost, amateur DsBe


Innate Abilities, Weirdness & Mutations

You are very small and have problems with some larger weapons.
You are too small for most types of armour.
You have supernaturally acute eyesight. (SInv)
You cover ground extremely quickly. (Speed+++)


Message History

The hobgoblin shouts!
You hit the adder.
The adder is heavily wounded.
The adder barely misses you.
You closely miss the adder.
The adder is heavily wounded.
The adder misses you. The phantom misses you. The adder misses you.
You closely miss the adder.
The adder is heavily wounded.
The phantom barely misses you. The adder misses you.
You barely miss the adder.
The adder is heavily wounded.
The adder completely misses you. The phantom completely misses you.
You barely miss the adder.
The adder is heavily wounded.
The adder misses you.
The phantom hits you but does no damage.
You barely miss the adder.
The adder is heavily wounded.
The adder closely misses you. The phantom completely misses you.
You hit the adder.
The adder is almost dead.
The adder closely misses you. The phantom hits you.
The hobgoblin closely misses you.
You barely miss the adder.
The adder is almost dead.
The adder bites you.
You are poisoned.
The adder poisons you! The adder misses you. The hobgoblin closely misses you.
The phantom hits you.
You barely miss the adder.
The adder is almost dead.
You feel sick. The adder completely misses you.
The bombardier beetle closely misses you.
You hit the adder.
You kill the adder!
You feel sick. The hobgoblin hits you.
* * * LOW HITPOINT WARNING * * *
The phantom hits you.
You die...

.. #. .###.####
s.......# ###
#.#.#... #..#.#
##...# ##W.###
#.#@#.###
#...gB†...#
#.#..##.#<# ....
#.#.# #.... ..#.#
...#.. ..#.#
....#..#...........
... #.......##.....
#.......# ....


You could see a phantom, a bombardier beetle and a hobgoblin.

Vanquished Creatures
  5 adders
  2 ribbon worms (D:2)
  3 dart slugs
  6 orcs
  4 ball pythons
  3 bats (D:1)
  7 endoplasms
  4 giant cockroaches
  3 hobgoblins
  4 jackals (D:3)
  6 kobolds
  4 quokkas
  2 frilled lizards
  A goblin (D:1)
  5 rats
59 creatures vanquished.

Notes
Turn   | Place    | Note
-------+----------+-------------------------------------------
     0 | D:1      | Minsecho the Spriggan Monk began the quest for the Orb.
     0 | D:1      | Reached XP level 1. HP: 11/11 MP: 2/2
   106 | D:1      | Reached XP level 2. HP: 12/16 MP: 3/3
   349 | D:1      | You fall into a shaft and drop 1 floor!
   401 | D:2      | Reached XP level 3. HP: 12/19 MP: 4/4
   689 | D:2      | Reached skill level 1 in Stealth
   875 | D:2      | Reached skill level 5 in Dodging
  1166 | D:2      | Found Ydam's Book Shoppe.
  1320 | D:2      | Reached XP level 4. HP: 13/23 MP: 5/5
  1441 | D:3      | Learned a level 2 spell: Blink
  1584 | D:3      | Found a stormy altar of Qazlal.
  1758 | D:3      | Found a runed translucent gate.
  1758 | D:3      | Found a runed translucent gate.
  1758 | D:3      | Found a runed translucent gate.
  1760 | D:3      | Noticed uncleiroh's ghost (amateur DsBe)
  1798 | D:3      | Noticed a kobold brigand
  2618 | D:4      | Noticed a phantom
  2700 | D:4      | Noticed a scorpion
  2718 | D:4      | Slain by a phantom

Illustrated notes

Levels and vault maps discovered:
D:1:      heliophobic_arrival_enchanted_forest, layout_rooms,
          shapermc_ecumenical_altar_hornbeckon, minmay_misc_feat_more_columns,
          minmay_tromino_v4_b
D:2:      layout_loops_ring, serial_shops, shop,
          nicolae_kite_square_tiling_tiny, chequers_avenue
D:3:      layout_loops_corners, mainiacjoe_overflow_tiny_flanked,
          gammafunk_ghost_nasty_kobolds, kennysheep_cross_bottleneck
D:4:      layout_loops_cross, uniq_sigmund

Skill      XL: |  1  2  3  4 |
---------------+-------------+-----
Unarmed Combat | 3 |  3.3
Stealth        | 1 2 |  2.4
Dodging        | 5 |  5.4
Fighting       | |  2.6
Throwing       | |  0.3

Action                     |  1- 3 |  4- 6 || total
---------------------------+-------+-------++-------
  Melee: Unarmed           |   199 |   105 ||   304
  Throw: Boomerang         |    13 |       ||    13
    Use: Scroll            |     4 |     3 ||     7
         Potion            |     4 |       ||     4
   Stab: Sleeping          |     1 |     1 ||     2
 Armour: Robe              |    48 |    30 ||    78
  Dodge: Dodged            |   177 |   114 ||   291
